 Dungeon Crawl Stone Soup version 0.22-a0-422-g9628fc8 (webtiles) character file.

3811 Firecrotchwizard the Grappler (level 9, -1/85 HPs)
             Began as a Minotaur Gladiator on May 20, 2018.
             Was a Priest of Makhleb.
             Incinerated by Maimakterion's ghost (4 damage)
             ... with a sticky flame
             ... on level 7 of the Dungeon.
             The game lasted 00:14:47 (8153 turns).

Firecrotchwizard the Grappler (Minotaur Gladiator)  Turns: 8153, Time: 00:14:47

Health: -1/85      AC: 12    Str: 20    XL:     9   Next: 96%
Magic:  8/8        EV: 13    Int:  5    God:    Makhleb [***...]
Gold:   390        SH:  0    Dex: 14    Spells: 8/8 levels left

rFire    . . .     SeeInvis .     - Unarmed
rCold    . . .     Gourm    .   (no shield)
rNeg     . . .     Faith    +   K - +2 ring mail {rPois}
rPois    +         Spirit   .   b - +0 hat
rElec    .         Reflect  .   (no cloak)
rCorr    .         Harm     .   (no gloves)
MR       +....                  k - +2 pair of boots
Stlth    +.........             p - amulet of faith {Faith, !P}
HPRegen  0.24/turn              w - +2 ring of protection
MPRegen  0.11/turn              B - ring of protection from magic {MR+, !d}

@: liquid flames, glowing
A: retaliatory headbutt, horns 2
a: Minor Destruction, Lesser Servant of Makhleb, Renounce Religion


You were on level 7 of the Dungeon.
You worshipped Makhleb.
Makhleb was most pleased with you.
You were not hungry.

You visited 1 branch of the dungeon, and saw 8 of its levels.

You collected 390 gold pieces.

Inventory:

Hand Weapons
 a - a +5 falchion of freezing
   (You took it off a wight on level 7 of the Dungeon)
 z - a +1 blowgun
   (You took it off a kobold on level 3 of the Dungeon)
Missiles
 c - 3 throwing nets {=f, !d}
 x - 5 javelins (quivered)
 y - 31 poisoned needles
Armour
 b - a +0 hat (worn)
 k - a +2 pair of boots (worn)
   (You found it on level 1 of the Dungeon)
 H - a +0 chain mail
   (You took it off an orc on level 4 of the Dungeon)
 K - a +2 ring mail of poison resistance (worn)
   (You took it off Joseph on level 7 of the Dungeon)
Jewellery
 f - an uncursed ring of poison resistance {rPois, !d}
   (You found it on level 7 of the Dungeon)
 g - an uncursed ring of ice {rC+, rF-}
   (You found it on level 6 of the Dungeon)
 p - an amulet of faith (around neck) {Faith, !P}
   (You found it on level 2 of the Dungeon)
 s - an uncursed ring of fire {rF+, rC-}
   (You found it on level 2 of the Dungeon)
 w - a +2 ring of protection (left hand)
   (You found it on level 6 of the Dungeon)
 A - an uncursed ring of protection from fire {rF+, !d}
   (You found it on level 3 of the Dungeon)
 B - a ring of protection from magic (right hand) {MR+, !d}
   (You found it on level 5 of the Dungeon)
Wands
 E - a wand of clouds (3)
   (You found it on level 4 of the Dungeon)
 I - a wand of flame (28)
   (You took it off Duvessa on level 5 of the Dungeon)
Scrolls
 e - a scroll of magic mapping {!r}
 h - 5 scrolls of remove curse
 i - a scroll of blinking {!r}
 j - 5 scrolls of identify
 n - 3 scrolls of teleportation
 v - 2 scrolls of enchant armour
 M - a scroll of brand weapon
Potions
 l - a potion of brilliance {unknown}
 m - 3 potions of curing {unknown}
 o - 3 potions of ambrosia
 q - 2 potions of flight {unknown}
 t - 2 potions of might {unknown}
 u - 2 potions of invisibility {unknown}
 C - 2 potions of lignification {unknown}
 D - 2 potions of degeneration {unknown}
 F - a potion of haste {unknown}
 J - 2 potions of resistance
 L - a potion of heal wounds {unknown}
 Q - a potion of magic {unknown}
Comestibles
 d - 18 rations {@e1}


   Skills:
 + Level 10.1 Fighting
 - Level 2.0 Throwing
 + Level 3.3 Armour
 + Level 4.6 Dodging
 - Level 12.1 Unarmed Combat


You had 8 spell levels left.
You didn't know any spells.
Your spell library contained the following spells:

 Spells                   Type           Power        Failure   Level  Hunger
 Summon Small Mammal      Summ           #...         65%         1    ##.....
 Summon Ice Beast         Ice/Summ       #.......     100%        4    #####..
 Call Imp                 Summ           #.......     78%         2    ###....
 Call Canine Familiar     Summ           #.......     95%         3    ####...
 Summon Lightning Spire   Summ/Air       #.......     100%        4    #####..
 Summon Guardian Golem    Hex/Summ       #.......     95%         3    ####...


Dungeon Overview and Level Annotations

Branches:
Dungeon (8/15)             Temple (0/1) D:7
   Lair: D:8-11

Altars:
Fedhas
Makhleb
Okawaru
Ru
Sif Muna
Uskayaw
Vehumet
Wu Jian
Yredelemnul
The Shining One

Annotations:
D:3 exclusion: door


Innate Abilities, Weirdness & Mutations

You reflexively headbutt those who attack you in melee.
You have a pair of horns on your head.


Message History

You closely miss Maimakterion's ghost. Your punch misses Maimakterion's ghost.
You hit Maimakterion's ghost but do no damage.
Your headbutt misses Maimakterion's ghost.
You punch Maimakterion's ghost. Maimakterion's ghost barely misses you.
You furiously retaliate!
You headbutt Maimakterion's ghost. You hit Maimakterion's ghost.
Maimakterion's ghost hits you.
You take 3 damage, and have 82/85 hp.
You closely miss Maimakterion's ghost. Maimakterion's ghost hits you.
You take 3 damage, and have 79/85 hp.
You pummel Maimakterion's ghost!! You headbutt Maimakterion's ghost.
Maimakterion's ghost misses you.
You hit Maimakterion's ghost but do no damage.
You closely miss Maimakterion's ghost. Maimakterion's ghost barely misses you.
You hit Maimakterion's ghost but do no damage.
Your headbutt misses Maimakterion's ghost.
Maimakterion's ghost closely misses you.
You hit Maimakterion's ghost but do no damage.
Maimakterion's ghost hits you.
You take 4 damage, and have 76/85 hp.
You hit Maimakterion's ghost but do no damage.
Maimakterion's ghost sprays you with burning goo.
The sticky flame hits you!
You are covered in liquid flames!
You take 1 damage, and have 75/85 hp.
You punch Maimakterion's ghost!
Your headbutt misses Maimakterion's ghost.
You are covered in liquid flames!
You take 4 damage, and have 71/85 hp.
You hit Maimakterion's ghost but do no damage.
Your headbutt misses Maimakterion's ghost.
You are covered in liquid flames!
Maimakterion's ghost sprays you with burning goo.
The sticky flame hits you!
You are covered in liquid flames!
You take 4 damage, and have 67/85 hp.
You closely miss Maimakterion's ghost.
You headbutt Maimakterion's ghost, but do no damage.
You punch Maimakterion's ghost, but do no damage.
You are covered in liquid flames!
Maimakterion's ghost hits you but does no damage.
You take 2 damage, and have 65/85 hp.
You hit Maimakterion's ghost but do no damage.
You are covered in liquid flames!
Maimakterion's ghost casts a spell at you.
The flame tongue hits you!
You take 15 damage, and have 50/85 hp.
You are too injured to fight recklessly!
You are too injured to fight recklessly!
You closely miss Maimakterion's ghost. You headbutt Maimakterion's ghost.
You are covered in liquid flames!
Maimakterion's ghost sprays you with burning goo.
The sticky flame hits you!
You are covered in liquid flames!
You take 5 damage, and have 45/85 hp.
You barely miss Maimakterion's ghost.
Your headbutt misses Maimakterion's ghost.
You are covered in liquid flames!
You take 4 damage, and have 41/85 hp.
You barely miss Maimakterion's ghost.
You are covered in liquid flames!
Maimakterion's ghost hits you but does no damage.
You take 1 damage, and have 40/85 hp.
You closely miss Maimakterion's ghost.
You are covered in liquid flames!
Maimakterion's ghost wails.
Maimakterion's ghost barely misses you.
An orc priest comes into view. It is wielding a club.
You take 2 damage, and have 38/85 hp.
You punch Maimakterion's ghost!
You are covered in liquid flames!
You take 5 damage, and have 33/85 hp.
You closely miss Maimakterion's ghost.
You are covered in liquid flames!
Maimakterion's ghost closely misses you.
You take 4 damage, and have 29/85 hp.
You punch Maimakterion's ghost!
You destroy Maimakterion's ghost!
Makhleb accepts your kill.
Your Fighting skill increases to level 10!
Your Armour skill gained 2 levels and is now at level 3!
Your Dodging skill increases to level 4!
You are covered in liquid flames!
* * * LOW HITPOINT WARNING * * *
You take 4 damage, and have 25/85 hp.
You are covered in liquid flames!
* * * LOW HITPOINT WARNING * * *
You take 5 damage, and have 20/85 hp.
You are covered in liquid flames!
* * * LOW HITPOINT WARNING * * *
The orc priest calls down the wrath of Beogh upon you.
Beogh smites you!
* * * LOW HITPOINT WARNING * * *
You hear a shout!
There is a stone staircase leading up, spattered with blood here.
You take 16 damage, and have 4/85 hp.
You are covered in liquid flames!
* * * LOW HITPOINT WARNING * * *
You climb upwards.
You are covered in liquid flames!
You die...

#.##.#######.......###.###.###...
#....##..........####.((......#..
#.#####.###=........(.......##.#.
.................................
#.#####.###.......###..###..####.
#.#####.###.#....[# #..# #..# #.
#.................###..###..####.
######.........).........).......
######...#.####>@####..###.....#.
...........####(............####.
..........))(..........###..# #.
####.......####.#####..# #..# ##.
##.###...(.# #.# ##.## #..###..
#.#........####.####..# #.......
.###.##.......>.......# #.####.#
## ##..[......#.###..[####.# #..#
.###.#........#.# #........###.##


There were no monsters in sight!

Vanquished Creatures
  The ghost of Maimakterion the Firebug, a novice DrFE (D:8)
  Joseph (D:7)
  The ghost of AgonHex the Cleaver, a novice DDFi (D:4)
  Grinder (D:4)
  A hippogriff (D:7)
  A wyvern (D:6)
  A water moccasin (D:5)
  An orc warrior (D:7)
  Duvessa (D:5)
  A phantom (D:7)
  A necrophage (D:7)
  An ogre (D:6)
  A centaur (D:7)
  A big kobold (D:8)
  4 bullfrogs
  Dowan (D:5)
  A scorpion (D:8)
  5 wights (D:7)
  2 howler monkeys
  2 crimson imps
  A jelly (D:5)
  6 orc wizards
  A bullfrog skeleton (D:6)
  An orc priest (D:7)
  An iguana (D:5)
  3 worker ants
  2 hound skeletons
  Robin (D:2)
  A howler monkey zombie (D:7)
  A gnoll (D:7)
  9 adders
  3 shadow imps
  3 oozes
  2 adder skeletons
  4 worms
  3 dart slugs
  2 leopard geckos
  21 orcs
  A ball python (D:2)
  9 bats
  7 giant cockroaches
  2 gnoll zombies (D:7)
  14 goblins
  12 hobgoblins
  2 jackals (D:1)
  5 quokkas
  6 frilled lizards
  14 kobolds
  A quokka zombie (D:4)
  7 rats
174 creatures vanquished.

Notes
Turn   | Place    | Note
-------+----------+-------------------------------------------
     0 | D:1      | Firecrotchwizard the Minotaur Gladiator began the quest for the Orb.
     0 | D:1      | Reached XP level 1. HP: 18/18 MP: 0/0
   625 | D:1      | Reached XP level 2. HP: 25/25 MP: 1/1
   829 | D:1      | Reached skill level 4 in Unarmed Combat
   996 | D:1      | Reached skill level 3 in Fighting
  1338 | D:1      | Reached XP level 3. HP: 26/31 MP: 2/2
  1590 | D:2      | Found a sacrificial altar of Ru.
  1769 | D:2      | Reached XP level 4. HP: 38/38 MP: 3/3
  1787 | D:2      | Noticed Robin
  1807 | D:2      | Reached skill level 5 in Unarmed Combat
  1816 | D:2      | Killed Robin
  2187 | D:2      | Found a glowing golden altar of the Shining One.
  2473 | D:3      | Reached skill level 4 in Fighting
  2761 | D:3      | Found a burning altar of Makhleb.
  2795 | D:3      | Became a worshipper of Makhleb the Destroyer
  2814 | D:3      | Reached XP level 5. HP: 46/46 MP: 4/4
  2907 | D:3      | Found a radiant altar of Vehumet.
  3126 | D:3      | Found a deep blue altar of Sif Muna.
  3210 | D:4      | Reached skill level 6 in Unarmed Combat
  3319 | D:4      | Noticed Grinder
  3325 | D:4      | Paralysed by Grinder for 3 turns
  3335 | D:4      | Paralysed by Grinder for 5 turns
  3341 | D:4      | Killed Grinder
  3341 | D:4      | Reached skill level 5 in Fighting
  3341 | D:4      | Reached XP level 6. HP: 25/56 MP: 5/5
  3347 | D:4      | Reached skill level 7 in Unarmed Combat
  3380 | D:4      | Noticed AgonHex's ghost (novice DDFi)
  3917 | D:4      | Reached XP level 7. HP: 52/61 MP: 6/6
  3922 | D:4      | Reached * piety under Makhleb
  4130 | D:4      | Found an ornate altar of the Wu Jian Council.
  4253 | D:4      | Noticed a dagger
  4258 | D:4      | Noticed a dagger
  4271 | D:4      | Found a hide-covered altar of Uskayaw.
  4548 | D:4      | Killed AgonHex's ghost
  4548 | D:4      | Reached skill level 6 in Fighting
  4548 | D:4      | Reached skill level 8 in Unarmed Combat
  4774 | D:5      | Entered Level 5 of the Dungeon
  4793 | D:5      | Noticed Dowan
  4794 | D:5      | Noticed Duvessa
  4811 | D:5      | Killed Duvessa
  4818 | D:5      | Killed Dowan
  4818 | D:5      | Reached skill level 9 in Unarmed Combat
  4818 | D:5      | Reached XP level 8. HP: 46/71 MP: 7/7
  4945 | D:5      | Reached skill level 7 in Fighting
  5942 | D:6      | Reached skill level 10 in Unarmed Combat
  5954 | D:6      | Found a blossoming altar of Fedhas.
  6179 | D:6      | Reached ** piety under Makhleb
  6179 | D:6      | Reached skill level 8 in Fighting
  6619 | D:6      | Found a sacrificial altar of Ru.
  6995 | D:7      | Found an iron altar of Okawaru.
  7050 | D:7      | Found a staircase to the Ecumenical Temple.
  7219 | D:7      | Reached XP level 9. HP: 75/82 MP: 8/8
  7288 | D:7      | Reached skill level 11 in Unarmed Combat
  7457 | D:7      | Noticed Joseph
  7481 | D:7      | Paralysed by Joseph for 4 turns
  7494 | D:7      | Killed Joseph
  7494 | D:7      | Reached skill level 9 in Fighting
  7668 | D:7      | Reached skill level 12 in Unarmed Combat
  7769 | D:7      | Found a basalt altar of Yredelemnul.
  7994 | D:8      | Reached *** piety under Makhleb
  7996 | D:8      | Noticed Maimakterion's ghost (novice DrFE)
  8006 | D:7      | Reached skill level 1 in Armour
  8149 | D:8      | Killed Maimakterion's ghost
  8149 | D:8      | Reached skill level 10 in Fighting
  8149 | D:8      | Reached skill level 3 in Armour
  8149 | D:8      | Reached skill level 4 in Dodging
  8150 | D:8      | HP: 20/85 [burnt (5)]
  8151 | D:8      | HP: 4/85 [orc priest/divine providence (13)]
  8153 | D:7      | Incinerated by Maimakterion's ghost

Vault maps used:
D:1:      minmay_arrival_plants_in_alcoves, serial_forest,
          infiniplex_forest_zigzag_1, infiniplex_forest_lined_corner,
          infiniplex_forest_clump_curved, infiniplex_forest_straight_2,
          infiniplex_forest_clump_small, infiniplex_forest_clump_curved,
          infiniplex_forest_clump_tiny, infiniplex_forest_zigzag_2
D:2:      old_standard_altar, tso_metal_star, minmay_hexomino_u4, uniq_robin
D:3:      led_sif_book, vehumet_crystals, lightli_temple_of_fire
D:4:      dancing_weapons_uskayaw, lemuel_round_altar, first_ration,
          uniq_grinder
D:5:      uniq_duvessa
D:6:      lemuel_coloured_pillars_altar, serial_co_window_serial,
          co_window_corner_a, co_window_paths_a, co_window_paths_a,
          co_window_of_opportunity_a, co_window_paths_a,
          co_window_of_opportunity_a, co_window_corner_a, co_window_corner_ca,
          co_window_of_opportunity_b, co_window_corner_b,
          co_window_unsneaky_path_e, co_window_of_opportunity_b,
          co_window_4corner_b, nicolae_ru_sacrificial_ziggurat
D:7:      cheibrodos_iron_armory, lemuel_zombie_altar_yredelemnul,
          minmay_temple_entry_large_hall, okawaru_altar_gauntlet_db, uniq_joseph
D:8:      david_lair_generic, uniq_psyche

Skill      XL: |  1  2  3  4  5  6  7  8  9 |
---------------+----------------------------+-----
Unarmed Combat | 4 5 6 7 9 10 12 | 12.1
Fighting       | 3 4 5 6 8 10 | 10.1
Armour         | 3 |  3.3
Dodging        | 4 |  4.6
Throwing       | |  2.0

Action                   |  1- 3 |  4- 6 |  7- 9 || total
-------------------------+-------+-------+-------++-------
Melee: Unarmed           |    99 |   116 |   262 ||   477
       Headbutt          |    18 |    24 |    56 ||    98
       Punch             |     1 |     3 |    18 ||    22
Throw: Javelin           |       |    11 |     5 ||    16
Evoke: Wand              |       |       |     1 ||     1
  Use: Scroll            |     1 |       |    12 ||    13
       Potion            |       |     1 |       ||     1
  Eat: Chunk             |     3 |     5 |    10 ||    18
       Ration            |       |     1 |     1 ||     2
Armor: Leather armour    |     3 |       |       ||     3
       Ring mail         |    27 |    46 |    34 ||   107
       Chain mail        |       |       |    50 ||    50
Dodge: Dodged            |    54 |    76 |   116 ||   246

Table legend:
 A = Spawn XP
 B = Non-spawn XP
 C = Spawn XP percentage of total XP
 D = Spawn monster count
 E = Non-spawn monster count
 F = Spawn count percentage of total count
 G = Total turns spent on level
                    A         B        C        D         E        F      G
               +---------+---------+-------+---------+---------+-------+---------
         Total |       0 |    5445 |   0.0 |       0 |     174 |   0.0 |  8153
               +---------+---------+-------+---------+---------+-------+---------
           D:1 |       0 |      46 |   0.0 |       0 |      20 |   0.0 |  1404
           D:2 |       0 |     126 |   0.0 |       0 |      44 |   0.0 |  1219
           D:3 |       0 |      40 |   0.0 |       0 |      12 |   0.0 |   903
           D:4 |       0 |    1010 |   0.0 |       0 |      23 |   0.0 |  1285
           D:5 |       0 |     564 |   0.0 |       0 |      13 |   0.0 |  1072
           D:6 |       0 |     589 |   0.0 |       0 |      15 |   0.0 |  1094
           D:7 |       0 |    2005 |   0.0 |       0 |      37 |   0.0 |  1121
           D:8 |       0 |    1065 |   0.0 |       0 |      10 |   0.0 |    55
               +---------+---------+-------+---------+---------+-------+---------

Vault maps used:
D:1:      minmay_arrival_plants_in_alcoves, serial_forest,
          infiniplex_forest_zigzag_1, infiniplex_forest_lined_corner,
          infiniplex_forest_clump_curved, infiniplex_forest_straight_2,
          infiniplex_forest_clump_small, infiniplex_forest_clump_curved,
          infiniplex_forest_clump_tiny, infiniplex_forest_zigzag_2
D:2:      old_standard_altar, tso_metal_star, minmay_hexomino_u4, uniq_robin
D:3:      led_sif_book, vehumet_crystals, lightli_temple_of_fire
D:4:      dancing_weapons_uskayaw, lemuel_round_altar, first_ration,
          uniq_grinder
D:5:      uniq_duvessa
D:6:      lemuel_coloured_pillars_altar, serial_co_window_serial,
          co_window_corner_a, co_window_paths_a, co_window_paths_a,
          co_window_of_opportunity_a, co_window_paths_a,
          co_window_of_opportunity_a, co_window_corner_a, co_window_corner_ca,
          co_window_of_opportunity_b, co_window_corner_b,
          co_window_unsneaky_path_e, co_window_of_opportunity_b,
          co_window_4corner_b, nicolae_ru_sacrificial_ziggurat
D:7:      cheibrodos_iron_armory, lemuel_zombie_altar_yredelemnul,
          minmay_temple_entry_large_hall, okawaru_altar_gauntlet_db, uniq_joseph
D:8:      david_lair_generic, uniq_psyche

Table legend:
 A = Turns spent in this place as a percentage of turns spent in the entire game.
 B = Non-inter-level travel turns spent in this place as a percentage of non-inter-level travel turns spent in the entire game.
 C = Inter-level travel turns spent in this place as a percentage of turns spent in this place.
 D = Turns resting spent in this place as a percentage of non-inter-level travel turns spent in this place.
 E = Turns spent auto-exploring this place as a percentage of non-inter-level travel turns spent in this place.
 F = Non-inter-level travel turns spent in this place divided by the number of levels of this place that you've seen.
                   A       B       C       D       E      F
               +-------+-------+-------+-------+-------+----------------------
         Total | 100.0 | 100.0 |   3.4 |  29.0 |  53.8 | 984.6
       Dungeon | 100.0 | 100.0 |   3.4 |  29.0 |  53.8 | 984.6
               +-------+-------+-------+-------+-------+----------------------

Table legend:
 A = Kills in this place as a percentage of kills in entire the game.
 B = Kills by you in this place as a percentage of kills by you in the entire game.
 C = Kills by friends in this place as a percentage of kills by friends in the entire game.
 D = Other kills in this place as a percentage of other kills in the entire game.
 E = Experience gained in this place as a percentage of experience gained in the entire game.
 F = Experience gained in this place divided by the number of levels of this place that you have seen.
                   A       B       C       D       E      F
               +-------+-------+-------+-------+-------+----------------------
         Total | 100.0 | 100.0 |   N/A |   N/A | 100.0 | 680.6
       Dungeon | 100.0 | 100.0 |   N/A |   N/A | 100.0 | 680.6
               +-------+-------+-------+-------+-------+----------------------
